 Dungeon Crawl Stone Soup version 0.27-a0-1139-g28e009f8a6 (webtiles) character file.

Game seed: 9360585473372902102

88 Morbidden the Magician (level 4, -5/32 HPs)
             Began as a Djinni Necromancer on May 7, 2021.
             Slain by a gnoll
             ... wielding a +0 spear
              (7 damage)
             ... on level 3 of the Dungeon.
             The game lasted 00:04:57 (4398 turns).

Morbidden the Magician (Djinni Necromancer)         Turns: 4398, Time: 00:04:57

Health: -5/32      AC:  2    Str: 14    XL:     4   Next: 53%
Gold:   63         EV: 12    Int: 16    God:
                   SH:  0    Dex: 14

rFire    + + .     SeeInvis .   a - +0 short sword
rCold    x . .     Faith    .   (no shield)
rNeg     . . .     Spirit   .   h - +0 robe
rPois    ∞         Reflect  .   (no helmet)
rElec    .         Harm     .   (no cloak)
rCorr    .         Rampage  .   (no gloves)
Will     .....                  (boots unavailable)
Stlth    ++........             (no amulet)
HPRegen  0.10/turn              i - +6 ring of strength
MPRegen  0.00/turn              (no ring)

@: flying, very slightly contaminated
A: sickness immunity, fire resistance 2, cold vulnerability 1, float, innate
caster, hp casting, extra vitality 1
a: no special abilities


You were on level 3 of the Dungeon.
You visited 1 branch of the dungeon, and saw 3 of its levels.

You collected 63 gold pieces.

Inventory:

Hand Weapons
 a - a +0 short sword (weapon)
Missiles
 c - 30 sling bullets
Armour
 h - a +0 robe (worn)
Jewellery
 i - a +6 ring of strength (left hand)
Scrolls
 d - a scroll of blinking {unknown}
 e - 3 scrolls of identify
 f - a scroll of teleportation {unknown}
 g - a scroll of amnesia {unknown}
 j - a scroll of vulnerability {unknown}
 k - a scroll of immolation {unknown}
 l - a scroll of enchant armour
Potions
 b - a potion of invisibility


   Skills:
 * Level 1.3 Fighting
 + Level 0.1 Short Blades
 * Level 2.4 Dodging
 + Level 1.7 Stealth
 * Level 4.6 Spellcasting


You couldn't memorise any spells.
You knew the following spells:

 Your Spells              Type           Power      Damage    Failure   Level
a - Pain                  Necr           72%        1d7       2%          1
b - Vampiric Draining     Necr           9%         2d7       7%          3
c - Animate Skeleton      Necr           36%        N/A       2%          1
d - Animate Dead          Necr           9%         N/A       22%         4
e - Agony                 Necr           18%        N/A       54%         5
z - Summon Small Mammal   Summ           72%        N/A       2%          1
Your spell library was empty.

Dungeon Overview and Level Annotations

Branches:
Dungeon (3/15)

Altars:

Annotations:
D:2 Sigmund


Innate Abilities, Weirdness & Mutations

You are immune to sickness and miasma.
You are immune to poison.
Your flesh is very heat resistant. (rF++)
You are vulnerable to cold. (rC-)
You float through the air rather than walking.
You learn spells naturally, not from books.
Your magical power is your life essence.
You have superior vitality. (+4 HP)


Message History

Aiming: Pain (safe; 2% risk of failure)
Press: ? - help, Shift-Dir - straight line, f/p - gnoll
Aim: a gnoll, wielding a +0 club (almost dead, chance to affect: 84%)
The gnoll writhes in agony!
You kill the gnoll!
The gnoll hits you from afar with a +0 spear.
Unknown command.
Unknown command.
The gnoll hits you with a +0 spear!
* * * LOW HITPOINT WARNING * * *
Things that are here:
a +0 club; a gnoll corpse
Casting: Pain (safe; 2% risk of failure)
Confirm with . or Enter, or press ? or * to list all spells.
The spell is quite dangerous to cast (7% risk of failure)!
Continue anyway? [Y]es or [N]o only, please.
The spell is quite dangerous to cast (7% risk of failure)!
Continue anyway?
Aiming: Vampiric Draining (quite dangerous; 7% risk of failure)
Press: ? - help, Shift-Dir - straight line, f - gnoll
Aim: a gnoll, wielding a +0 spear (lightly wounded)
You draw life force from the gnoll.
You feel life coursing into your body.
* * * LOW HITPOINT WARNING * * *
The gnoll barely misses you.
Unknown command.
Unknown command.
Unknown command.
Casting: Vampiric Draining (quite dangerous; 7% risk of failure)
Confirm with . or Enter, or press ? or * to list all spells.
The spell is quite dangerous to cast (7% risk of failure)!
Continue anyway? [Y]es or [N]o only, please.
The spell is quite dangerous to cast (7% risk of failure)!
Continue anyway?
Aiming: Vampiric Draining (quite dangerous; 7% risk of failure)
Press: ? - help, Shift-Dir - straight line, f/p - gnoll
Aim: a gnoll, wielding a +0 spear (moderately wounded)
You miscast Vampiric Draining.
You are very lightly contaminated with residual magic.
Nothing appears to happen.
* * * LOW HITPOINT WARNING * * *
The gnoll hits you with a +0 spear!
You die...

. ##. ## ###.# # #...
###... ..# ..... ..#
#... .. ... .# .
###g###.####..
#...@.........#######
#.###................
.####.###.........
......
.................. ..###
#..###......##...###.#
#.#......##...#.#.###
##.##.......##.##÷...
#....#.#...#...#.#)†.###
#.#..##.##...##)##..##


You could see a gnoll.

Vanquished Creatures
  2 gnolls (D:3)
  2 adders (D:3)
  2 dart slugs
  4 orcs
  2 ball pythons (D:1)
  4 endoplasms
  5 goblins
  2 hobgoblins
  3 jackals
  4 kobolds
  A quokka (D:3)
  6 bats
  4 frilled lizards
  A rat (D:1)
42 creatures vanquished.

Vanquished Creatures (collateral kills)
  A kobold (D:2)
1 creature vanquished.

Vanquished Creatures (others)
  A jackal (D:2)
1 creature vanquished.

Grand Total: 44 creatures vanquished

Notes
Turn   | Place    | Note
-------+----------+-------------------------------------------
     0 | D:1      | Morbidden the Djinni Necromancer began the quest for the
                  | Orb.
     0 | D:1      | Reached XP level 1. HP: 15/15 MP: 0/0
   413 | D:1      | Reached XP level 2. HP: 3/21 MP: 0/0
   727 | D:1      | Reached skill level 4 in Spellcasting
  1032 | D:1      | Found a faded altar of an unknown god.
  1967 | D:2      | Noticed Sigmund
  2231 | D:2      | Reached XP level 3. HP: 16/26 MP: 0/0
  2231 | D:2      | Learned a level 1 spell: Summon Small Mammal
  4056 | D:3      | Reached skill level 1 in Fighting
  4119 | D:3      | Reached XP level 4. HP: 12/32 MP: 0/0
  4398 | D:3      | Slain by a gnoll

Illustrated notes

Levels and vault maps discovered:
D:1:      dpeg_arrival_chambers_temple_mockup, layout_loops_ring,
          chequers_ecumenical_altar_simple
D:2:      layout_basic, uniq_sigmund
D:3:      layout_loops_ring, minmay_vboxes

Skill      XL: |  1  2  3 |
---------------+----------+-----
Spellcasting   | 4 |  4.6
Fighting       | 1 |  1.3
Short Blades   | |  0.1
Dodging        | |  2.4
Stealth        | |  1.7

Action                   |  1- 3 |  4- 6 || total
-------------------------+-------+-------++-------
Melee: Short sword       |    14 |     1 ||    15
       Unarmed           |     1 |       ||     1
 Cast: Pain              |    74 |     5 ||    79
       Summon Small Mamm |    13 |       ||    13
       Vampiric Draining |     3 |     4 ||     7
  Use: Potion            |     2 |       ||     2
       Scroll            |       |     1 ||     1
 Stab: Invisible         |     1 |       ||     1
       Sleeping          |     1 |       ||     1
Armor: Robe              |     7 |       ||     7
Dodge: Dodged            |    40 |     4 ||    44

Table legend: (Time is in decaauts)
 A = Elapsed time spent in this place.
 B = Non-inter-level travel time spent in this place.
 C = Inter-level travel time spent in this place.
 D = Time resting spent in this place.
 E = Time spent auto-exploring this place.
 F = Levels seen in this place.
 G = Mean time per level.
                   A        B        C        D        E       F      G
               +--------+--------+--------+--------+--------+-----+--------+
         Total |   4402 |   4233 |    169 |    289 |   3484 |   3 | 1467.3 |
       Dungeon |   4402 |   4233 |    169 |    289 |   3484 |   3 | 1467.3 |
               +--------+--------+--------+--------+--------+-----+--------+

Top non-repeatable levels by time:
     D:1: 1910 daAuts
     D:2: 1512 daAuts
     D:3: 980 daAuts
